 Dungeon Crawl Stone Soup version 0.31-a0-819-gf6de2f5ab6 (webtiles) character file.

Game seed: 5541226117656184596

356 CowFu the Ruffian (level 6, 0/47 HPs)
             Began as a Draconian Shapeshifter on Sept 25, 2023.
             Killed by divine providence
             ... invoked by an orc priest
              (14 damage)
             ... on level 4 of the Dungeon.
             The game lasted 00:06:11 (2647 turns).

CowFu the Ruffian (Draconian Shapeshifter)          Turns: 2647, Time: 00:06:12

Health: 0/47       AC:  6    Str: 18    XL:     6   Next: 36%
Magic:  15/15      EV: 11    Int: 10    God:
Gold:   150        SH:  0    Dex: 11    Spells: 5/5 levels left

rFire   . .          .
                       - Unarmed
rCold   . . .        p - +0 buckler
rNeg    . . .        (body armour unavailable)
rPois   .            (helmet currently unavailable)
rElec   .            (cloak currently unavailable)
rCorr   .            (gloves currently unavailable)
SInv    .            (boots currently unavailable)
Will    .....        (no amulet)
Stlth   +            h - ring of magical power
HPRegen 0.27/turn    (no ring)
MPRegen 0.14/turn

%: no passive effects
@: confused, beast-form
A: beast (slay +2), AC +6, unfitting armour, cold-blooded
a: Begin Untransformation


You were on level 4 of the Dungeon.
You were a hulking beast.
You visited 1 branch of the dungeon, and saw 4 of its levels.

You collected 150 gold pieces.

Inventory:

Armour
 p - a +0 buckler (worn)
Jewellery
 h - a ring of magical power (left hand)
 o - the ring "Zitis" {Str+5 SInv}
   (You found it on level 3 of the Dungeon)

   [ring of see invisible]

   Str+5:     It affects your strength (+5).
   SInv:      It lets you see invisible.
Talismans
 b - a beast talisman (active)
 c - a flux talisman
Wands
 q - a wand of paralysis (6)
Scrolls
 d - 2 scrolls of teleportation
 e - 2 scrolls of poison
 f - a scroll of amnesia {unknown}
 j - 2 scrolls of enchant weapon
 m - a scroll of blinking
 r - a scroll of identify
Potions
 a - a potion of lignification
 g - a potion of heal wounds {unknown}
 i - 2 potions of brilliance {unknown}
 k - a potion of cancellation {unknown}
 l - a potion of ambrosia
 n - 2 potions of curing


   Skills:
 - Level 1.1 Fighting
 - Level 1.7 Dodging
 + Level 5.5 Unarmed Combat
 + Level 5.1 Shapeshifting


You had 5 spell levels left.
You didn't know any spells.
Your spell library was empty.

Dungeon Overview and Level Annotations

Branches:
Dungeon (4/15)
 Temple: D:4-7

Altars:
Okawaru


Innate Abilities, Weirdness & Mutations

You are a hulking beast.
Your limbs bulge with bestial killing power. (Slay +2)
Your plain brown scales are hard. (AC +6)
You cannot fit into any form of body armour.
You are cold-blooded and may be slowed by cold attacks.


Message History

You kill the orc!
Something hits you. The orc closely misses you.
The orc priest miscasts a cantrip.
You hit the orc.
The orc is heavily wounded.
The orc hits you with a +0 club. The kobold hits you with a +0 dagger.
You miss the orc.
The orc is heavily wounded.
The kobold barely misses you. Something hits you.
You punch the orc priest!
Your tail-slap misses the orc priest.
The orc priest is heavily wounded.
The orc completely misses you.
The orc priest hits you but does no damage.
The kobold closely misses you. Something hits you but does no damage.
You punch the kobold!
You kill the kobold!
An orc wizard appears from thin air!
Reactivating autopickup.
The orc closely misses you.
The orc priest miscasts a cantrip.
The orc wizard barely misses you. The orc hits you but does no damage.
You feel less confused. The orc wizard casts a spell at you.
The puff of flame hits you!
* * * LOW HITPOINT WARNING * * *
You barely miss the orc.
The orc is heavily wounded.
The orc closely misses you.
You hit the orc but do no damage.
The orc is heavily wounded.
The orc closely misses you.
You closely miss the orc. You tail-slap the orc.
The orc is severely wounded.
The orc wizard casts a spell at you.
You are confused.
The orc hits you but does no damage.
The orc priest invokes the aid of Beogh against you.
Beogh smites you!
You die...

########........#
#...............#
#...............# ##
#........######## .# #........#
.# #........# #####
.###########...o....########...##
o'o.......)†)..o....'))........>.
.###########.).oh...########....#
## ##########...........# #
#............ # #...........# #
#.........))[ #
##########...........# #
#....................# #
#..................... #
#.........##########.#


You could see an orc priest, an orc wizard and an orc.

Vanquished Creatures
  A scorpion (D:4)
  A hound (D:4)
  An orc priest (D:4)
  Terence (D:2)
  Natasha (thrice) (D:2)
  An orc wizard (D:4)
  A gnoll (D:1)
  An adder (D:2)
  2 dart slugs
  12 orcs
  4 bats
  4 endoplasms
  4 giant cockroaches
  3 hobgoblins
  3 jackals (D:3)
  5 kobolds
  2 quokkas (D:1)
  7 ball pythons
  2 frilled lizards
  4 goblins
  3 rats
65 creatures vanquished.

Vanquished Creatures (others)
  An orc wizard (D:4)
1 creature vanquished.

Grand Total: 66 creatures vanquished

Notes
Turn   | Place    | Note
-------+----------+-------------------------------------------
     0 | D:1      | CowFu the Draconian Shapeshifter began the quest for the
                  | Orb.
     0 | D:1      | Reached XP level 1. HP: 16/16 MP: 1/1
    19 | D:1      | Reached XP level 2. HP: 20/23 MP: 2/2
   348 | D:1      | Found a faded altar of an unknown god.
   738 | D:2      | Reached XP level 3. HP: 28/28 MP: 3/3
   882 | D:2      | Noticed Terence
   896 | D:2      | Killed Terence
  1101 | D:2      | Reached XP level 4. HP: 30/35 MP: 4/4
  1186 | D:2      | Found an iron altar of Okawaru.
  1217 | D:2      | Noticed Natasha
  1227 | D:2      | Killed Natasha
  1335 | D:2      | Noticed Natasha
  1340 | D:2      | Killed Natasha
  1486 | D:2      | Noticed Natasha
  1493 | D:2      | Killed Natasha
  1494 | D:2      | Reached XP level 5. HP: 37/40 MP: 5/5
  1882 | D:3      | Identified the ring "Zitis" {Str+5 SInv}
  2172 | D:4      | Reached skill level 5 in Unarmed Combat
  2289 | D:4      | Reached XP level 6. HP: 37/47 MP: 6/6
  2295 | D:4      | Reached skill level 5 in Shapeshifting
  2647 | D:4      | Killed from afar by an orc priest

Illustrated notes

Levels and vault maps discovered:
D:1:      minmay_arrival_split_and_join, layout_basic, basic_ecumenical_altar
D:2:      layout_loops_cross, basic_altar, uniq_terence, uniq_natasha,
          uniq_sigmund
D:3:      layout_loops_ring, nrook_mini_vaults
D:4:      layout_basic, serial_shops, shop, minivault_26

Skill      XL: |  1  2  3  4  5  6 |
---------------+-------------------+-----
Unarmed Combat | 4 5 |  5.5
Shapeshifting  | 4 5 |  5.1
Fighting       | |  1.1
Dodging        | |  1.7

Action                     |  1- 3 |  4- 6 || total
---------------------------+-------+-------++-------
  Melee: Unarmed           |    84 |   122 ||   206
         Tailslap          |     9 |    13 ||    22
         Punch             |     1 |     2 ||     3
    Use: Potion            |     2 |     1 ||     3
         Scroll            |       |     8 ||     8
 Armour: Skin              |    48 |    83 ||   131
  Dodge: Dodged            |    32 |    72 ||   104
  Block: Buckler           |       |     3 ||     3

Table legend: (Time is in decaauts)
 A = Elapsed time spent in this place.
 B = Non-inter-level travel time spent in this place.
 C = Inter-level travel time spent in this place.
 D = Time resting spent in this place.
 E = Time spent auto-exploring this place.
 F = Levels seen in this place.
 G = Mean time per level.
                   A        B        C        D        E       F      G
               +--------+--------+--------+--------+--------+-----+--------+
         Total |   2632 |   2580 |     52 |      0 |   2059 |   4 |  658.0 |
       Dungeon |   2632 |   2580 |     52 |      0 |   2059 |   4 |  658.0 |
               +--------+--------+--------+--------+--------+-----+--------+

Top non-repeatable levels by time:
     D:2: 903 daAuts
     D:3: 630 daAuts
     D:1: 608 daAuts
     D:4: 490 daAuts
